 Dungeon Crawl Stone Soup version 0.26.1-11-gd32895ea62 (webtiles) character file.

Game seed: 3332637458570382706

554 infcreate the Grave Robber (level 7, 51/51 HPs)
             Began as a Mummy Necromancer on May 20, 2021.
             Quit the game on level 4 of the Dungeon.
             The game lasted 00:16:28 (5048 turns).

infcreate the Grave Robber (Mummy Necromancer)      Turns: 5048, Time: 00:16:29

Health: 51/51      AC:  2    Str: 12    XL:     7   Next: 8%
Magic:  21/22      EV: 13    Int: 16    God:
Gold:   175        SH:  0    Dex: 12    Spells: 5/14 levels left

rFire    x . .     SeeInvis .   g - +2 dagger (elec)
rCold    + . .     Faith    .   (no shield)
rNeg     + + +     Spirit   .   a - +0 robe
rPois    ∞         Reflect  .   (no helmet)
rElec    .         Harm     .   (no cloak)
rCorr    .         Rampage  .   (no gloves)
Will     .....                  (no boots)
Stlth    ++........             (no amulet)
HPRegen  0.17/turn              W - ring of magical power
MPRegen  0.18/turn              (no ring)

@: no status effects
A: no potions, fire vulnerability, cold resistance 1, negative energy resistance
3, torment resistance, unbreathing
a: no special abilities


You were on level 4 of the Dungeon.
You visited 1 branch of the dungeon, and saw 4 of its levels.

You collected 175 gold pieces.


Innate Abilities, Weirdness & Mutations

You do not drink.
Your flesh is vulnerable to fire.
You are immune to poison.
Your flesh is cold resistant. (rC+)
You are immune to negative energy. (rN+++)
You are immune to unholy pain and torment.
You can survive without breathing.


   Skills:
 + Level 2.5 Fighting
 + Level 1.8 Staves
 * Level 3.6 Dodging
 - Level 1.5 Stealth
 + Level 4.4 Spellcasting
 * Level 5.7 Necromancy


You had 5 spell levels left.
You knew the following spells:

 Your Spells              Type           Power        Failure   Level
a - Animate Skeleton      Necr           42%          1%          1
d - Animate Dead          Necr           10%          16%         4
p - Pain                  Necr           84%          1%          1
v - Vampiric Draining     Necr           10%          4%          3

Your spell library contained the following spells:

 Spells                   Type           Power        Failure   Level
 Agony                    Necr           21%          41%         5

Inventory:

Hand Weapons
 g - a +2 dagger of electrocution (weapon)
 i - a +0 quarterstaff
Armour
 a - a +0 robe (worn)
Jewellery
 W - a ring of magical power (left hand)
Wands
 m - a wand of flame (19)
Scrolls
 b - a scroll of magic mapping
 d - a scroll of amnesia
 e - a scroll of teleportation {@r4}
 f - a scroll of fog
 h - a scroll of identify {@r1}

Dungeon Overview and Level Annotations

Branches:
Dungeon (4/15)
 Temple: D:4-7

Altars:
Fedhas

Annotations:
D:3 Grinder
D:4 Eustachio

####.....#.#....#
#......##.##..#.#
#......#.#...##.#
#..####.##..###.# ##
#..#...#(..####.. ...#
....#...#.........
......###.#[..#...#####.
......#...####.##..## #.
.......@......#.#...###.
..............##.##..###
.........#......#.#...#.
........##..>...##.##.#.
.......###.....†..#)#...
......# #.........###...
@....# #..##...##.......
..... #..###.......#...
#. #...........##...


You could see Eustachio (wandering).


Message History

A jackal comes into view.
The jackal barks!
You hear a bark!
The jackal writhes in agony!
You kill the jackal!
You can't see any susceptible monsters within range! (Use Z to cast anyway.)
You see here a jackal corpse.
The jackal writhes in agony!
You kill the jackal!
You can't see any susceptible monsters within range! (Use Z to cast anyway.)
You can't see any susceptible monsters within range! (Use Z to cast anyway.)
You see here a whip.
A hound comes into view.
The hound barks!
The hound writhes in agony.
The hound writhes in agony.
The hound writhes in agony!
The hound stops to sniff the ground.
The hound barely misses you.
The hound writhes in agony!
You kill the hound!
You see here a hound corpse.
Found an escape hatch in the ceiling.
Eustachio the Magnificent comes into view.
He is wielding a +0 rapier.
Casting: Pain (safe; 1% risk of failure)
Confirm with . or Enter, or press ? or * to list all spells.
You don't know that spell.
Press: ? - help, v - describe, . - travel
Here: Eustachio, wielding a +0 rapier and wearing a +0 leather armour (wandering, hasn't noticed you)
The floor.
Are you sure you want to abandon this character and quit the game? (Confirm with "yes".)

Skill      XL: |  1  2  3  4  5 |
---------------+----------------+-----
Spellcasting   | 3 4 |  4.4
Dodging        | 2 3 |  3.6
Fighting       | 1 2 |  2.5
Staves         | 1 |  1.8
Necromancy     | 5 |  5.7
Stealth        | |  1.5

Action                   |  1- 3 |  4- 6 |  7- 9 || total
-------------------------+-------+-------+-------++-------
Melee: Unarmed           |    14 |       |       ||    14
       Dagger            |    17 |    52 |       ||    69
 Cast: Pain              |    94 |    95 |     6 ||   195
       Vampiric Draining |       |     5 |       ||     5
       Animate Dead      |       |     1 |       ||     1
  Use: Scroll            |     3 |     5 |       ||     8
 Stab: Sleeping          |       |     2 |       ||     2
Armor: Robe              |     4 |    11 |       ||    15
Dodge: Dodged            |    23 |    80 |     1 ||   104

Levels and vault maps discovered:
D:1:      elethiomel_arrival_shortcut, layout_loops_ring, serial_bayou_lake_a
D:2:      layout_loops_ring, fedhas_altar_4, serial_forest,
          infiniplex_forest_lined_3, infiniplex_forest_corner_1,
          infiniplex_forest_lined_2, infiniplex_forest_lined_3,
          infiniplex_forest_diagonal, infiniplex_forest_clump_long,
          infiniplex_forest_end_double, infiniplex_forest_clump_long
D:3:      layout_basic, minmay_diced_spiral, uniq_grinder
D:4:      layout_cave_pools, minmay_vboxes, uniq_crazy_yiuf_cottage,
          uniq_eustachio

Notes
Turn   | Place    | Note
-------+----------+-------------------------------------------
     0 | D:1      | infcreate the Mummy Necromancer began the quest for the
                  | Orb.
     0 | D:1      | Reached XP level 1. HP: 13/13 MP: 4/4
   269 | D:1      | Reached XP level 2. HP: 18/20 MP: 2/5
   303 | D:1      | Learned a level 1 spell: Animate Skeleton
   544 | D:1      | Reached skill level 3 in Spellcasting
   587 | D:1      | Reached skill level 2 in Dodging
   941 | D:1      | Reached XP level 3. HP: 25/25 MP: 3/7
  1151 | D:1      | Reached skill level 1 in Fighting
  1306 | D:2      | Learned a level 3 spell: Vampiric Draining
  1352 | D:2      | Found a blossoming altar of Fedhas.
  2442 | D:3      | Reached XP level 4. HP: 32/32 MP: 0/8
  2524 | D:3      | Learned a level 4 spell: Animate Dead
  3257 | D:3      | Noticed Grinder
  3258 | D:3      | Paralysed by Grinder for 7 turns
  3618 | D:3      | Paralysed by Grinder for 5 turns
  3720 | D:4      | Reached XP level 5. HP: 37/37 MP: 7/10
  3741 | D:3      | Paralysed by Grinder for 4 turns
  3794 | D:4      | Noticed a necrophage
  3823 | D:3      | Killed a necrophage
  3824 | D:3      | Reached skill level 1 in Staves
  3824 | D:3      | Reached skill level 3 in Dodging
  3824 | D:3      | Reached skill level 5 in Necromancy
  3857 | D:4      | Identified a +0 robe of resistance
  3883 | D:3      | Reached skill level 2 in Fighting
  3883 | D:3      | Reached skill level 4 in Spellcasting
  3883 | D:3      | Reached XP level 6. HP: 20/44 MP: 12/12
  4869 | D:4      | Reached XP level 7. HP: 51/51 MP: 13/13
  5047 | D:4      | Noticed Eustachio
  5048 | D:4      | Quit the game

Vanquished Creatures
  A necrophage (D:3)
  A scorpion (D:3)
  A wight (D:3)
  A howler monkey (D:3)
  3 hounds
  An orc priest (D:3)
  2 iguanas (D:3)
  A worker ant (D:4)
  4 gnolls
  An ooze (D:2)
  2 worms
  2 dart slugs (D:2)
  2 leopard geckos
  5 orcs (D:3)
  11 bats
  7 giant cockroaches
  7 goblins
  12 hobgoblins
  8 jackals
  7 kobolds
  2 quokkas
  2 ball pythons
  7 frilled lizards
  4 rats
94 creatures vanquished.

Vanquished Creatures (others)
  10 plants
10 creatures vanquished.

Grand Total: 104 creatures vanquished

Table legend: (Time is in decaauts)
 A = Elapsed time spent in this place.
 B = Non-inter-level travel time spent in this place.
 C = Inter-level travel time spent in this place.
 D = Time resting spent in this place.
 E = Time spent auto-exploring this place.
 F = Levels seen in this place.
 G = Mean time per level.
                   A        B        C        D        E       F      G
               +--------+--------+--------+--------+--------+-----+--------+
         Total |   5089 |   4664 |    425 |   2349 |      0 |   4 | 1272.2 |
       Dungeon |   5089 |   4664 |    425 |   2349 |      0 |   4 | 1272.2 |
               +--------+--------+--------+--------+--------+-----+--------+

Top non-repeatable levels by time:
     D:3: 2308 daAuts
     D:1: 1334 daAuts
     D:2: 1101 daAuts
     D:4: 344 daAuts

Table legend:
 A = Non-vault XP
 B = Vault XP
 C = Vault XP percentage of total XP
 D = Non-vault monster count
 E = Vault monster count
 F = Vault count percentage of total count
                 A         B        C        D         E       F
            +---------+---------+-------+---------+---------+-------
      Total |     686 |     106 |  13.4 |      87 |       7 |   7.4
            +---------+---------+-------+---------+---------+-------
        D:1 |      58 |       0 |   0.0 |      34 |       0 |   0.0
        D:2 |      32 |       0 |   0.0 |      13 |       0 |   0.0
        D:3 |     466 |      63 |  11.9 |      31 |       6 |  16.2
        D:4 |     130 |      43 |  24.9 |       9 |       1 |  10.0
            +---------+---------+-------+---------+---------+-------
